 Dungeon Crawl Stone Soup version 0.28-a0-1190-g77e1c55843 (webtiles) character file.

Game seed: 2025629658656133949

28082 Gargoyl the Fighter (level 13, 0/104 HPs)
             Began as a Gnoll Abyssal Knight on Dec 18, 2021.
             Was a Believer of Lugonu.
             Slain by a two-headed ogre (3 damage)
             ... on level 1 of the Orcish Mines.
             The game lasted 00:23:54 (20272 turns).

Gargoyl the Fighter (Gnoll Abyssal Knight)         Turns: 20272, Time: 00:23:54

Health: 0/104      AC: 31    Str: 20    XL:     13   Next: 36%
Magic:  25/25      EV:  8    Int: 10    God:    Lugonu [**....]
Gold:   2413       SH: 21    Dex: 14    Spells: 28/28 levels left

rFire   . . .      SeeInvis .   j - +4 hand axe
rCold   . . .      Faith    .   E - +2 tower shield {rN+}
rNeg    + . .      Spirit   .   w - +3 chain mail {rPois}
rPois   +          Reflect  .   B - +0 helmet
rElec   +          Harm     .   D - scarf {repulsion}
rCorr   .          Rampage  +   o - +4 pair of gloves of Boredom {Str+2}
Will    .....      Clarity  +   m - +1 pair of boots
Stlth   +.........              c - amulet "Otolar" {Rampage rElec rPois Will- Regen+}
HPRegen 1.07/turn               i - +4 ring of protection
MPRegen 0.19/turn               l - +4 ring of protection

@: repel missiles
A: fangs 1, strong nose, distributed training, large bone plates 1, clarity,
strong 1
a: Renounce Religion, Depart the Abyss, Bend Space


You were on level 1 of the Orcish Mines.
You worshipped Lugonu.
Lugonu was pleased with you.
You visited 2 branches of the dungeon, and saw 15 of its levels.
You visited the Abyss 1 time.
You also visited: Trove.

You collected 3081 gold pieces.
You spent 668 gold pieces at shops.

Inventory:

Hand Weapons
 a - a +2 hand axe
 h - a +4 dagger of venom
 j - a +4 hand axe (weapon)
Missiles
 d - 124 poisoned darts
 k - 2 curare-tipped darts (quivered)
 v - a throwing net
Armour
 m - a +1 pair of boots (worn)
 o - the +4 pair of gloves of Boredom (worn) {Str+2}
   (You found it in a treasure trove)

   Str:       It affects your strength (+2).
 w - a +3 chain mail of poison resistance (worn)
 B - a +0 helmet (worn)
 D - a scarf of repulsion (worn)
 E - a +2 tower shield of positive energy (worn)
 K - a +2 chain mail of cold resistance
Jewellery
 c - the amulet "Otolar" (around neck) {Rampage rElec rPois Will- Regen+}
   (You found it in a treasure trove)

   [amulet of regeneration]

   rElec:     It insulates you from electricity.
   rPois:     It protects you from poison.
   Regen:     It increases your rate of health regeneration.
   Rampage:   It bestows one free step when moving towards enemies.
   Will:      It decreases your willpower.
 i - a +4 ring of protection (left hand)
 l - a +4 ring of protection (right hand)
 x - the amulet of Itenot {Acrobat rPois rC- rN++ SInv}
   (You found it in a treasure trove)

   [amulet of the acrobat]

   It increases your evasion while moving and waiting.
   rC:        It makes you vulnerable to cold.
   rPois:     It protects you from poison.
   rN:        It greatly protects you from negative energy.
   SInv:      It lets you see invisible.
 H - a ring of fire
Wands
 r - a wand of iceblast (4)
 t - a wand of mindburst (12)
 u - a wand of flame (25)
 y - a wand of paralysis (12)
 z - a wand of charming (9)
 J - a wand of digging (5)
Scrolls
 e - 4 scrolls of teleportation
 f - a scroll of silence
 s - 2 scrolls of holy word
Potions
 b - 2 potions of flight
 g - 4 potions of brilliance
 n - 2 potions of haste
 p - 4 potions of lignification
 q - 4 potions of curing
 C - a potion of magic {unknown}
 F - 2 potions of might {unknown}
 I - a potion of cancellation {unknown}


   Skills:
 + Level 10.5 Fighting
 + Level 8.2 Short Blades
 + Level 8.2 Long Blades
 + Level 9.5 Axes
 + Level 8.2 Maces & Flails
 + Level 8.2 Polearms
 + Level 8.2 Staves
 + Level 8.2 Slings
 + Level 8.2 Bows
 + Level 8.2 Crossbows
 + Level 8.2 Throwing
 + Level 9.5 Armour
 + Level 8.7 Dodging
 + Level 8.2 Stealth
 + Level 8.2 Shields
 + Level 8.2 Unarmed Combat
 + Level 8.2 Spellcasting
 + Level 6.8 Conjurations
 + Level 6.8 Hexes
 + Level 6.8 Summonings
 + Level 6.8 Necromancy
 + Level 6.8 Translocations
 + Level 6.8 Transmutations
 + Level 6.8 Fire Magic
 + Level 6.8 Ice Magic
 + Level 6.8 Air Magic
 + Level 6.8 Earth Magic
 + Level 6.8 Poison Magic
 + Level 10.1 Invocations
 + Level 8.2 Evocations


You had 28 spell levels left.
You didn't know any spells.
Your spell library contained the following spells:

 Spells                   Type           Power      Damage    Failure   Level
 Apportation              Tloc           34%        N/A       54%         1
 Shock                    Conj/Air       68%        1d7       54%         1
 Corpse Rot               Necr/Air       34%        N/A       67%         2
 Poisonous Vapours        Pois/Air       34%        N/A       67%         2
 Sublimation of Blood     Necr           17%        N/A       67%         2
 Wereblood                Tmut           17%        N/A       67%         2
 Call Canine Familiar     Summ           17%        N/A       88%         3
 Frozen Ramparts          Ice            34%        1d5       88%         3
 Inner Flame              Hex/Fire       17%        N/A       88%         3
 Portal Projectile        Hex/Tloc       34%        N/A       88%         3
 Stone Arrow              Conj/Erth      34%        3d9       88%         3
 Summon Guardian Golem    Hex/Summ       17%        N/A       88%         3
 Swiftness                Air            17%        N/A       88%         3
 Vampiric Draining        Necr           17%        2d7       88%         3
 Airstrike                Air            8%         N/A       99%         4
 Animate Armour           Summ/Erth      34%        N/A       99%         4
 Cause Fear               Hex            8%         N/A       99%         4
 Ice Form                 Ice/Tmut       17%        N/A       99%         4
 Leda's Liquefaction      Hex/Erth       8%         N/A       99%         4
 Petrify                  Tmut/Erth      17%        N/A       99%         4
 Summon Ice Beast         Ice/Summ       17%        N/A       99%         4
 Agony                    Necr           17%        N/A       100%        5
 Alistair's Intoxication  Tmut/Pois      11%        N/A       100%        5
 Blade Hands              Tmut           8%         N/A       100%        5
 Metabolic Englaciation   Hex/Ice        8%         N/A       100%        5
 Death Channel            Necr           8%         N/A       100%        6
 Iron Shot                Conj/Erth      8%         9d3       100%        6
 Statue Form              Tmut/Erth      11%        N/A       100%        6
 Summon Hydra             Summ           8%         N/A       100%        7
 Discord                  Hex            8%         N/A       100%        8
 Lehudib's Crystal Spear  Conj/Erth      8%         10d4      100%        8


Dungeon Overview and Level Annotations

Branches:
Dungeon (13/15)            Temple (0/1) D:6            Lair (0/6) D:9
    Orc (2/2) D:11            Elf (0/3) Orc:2
 Vaults: D:13-14

Altars:
Gozag
Hepliaklqana
Nemelex Xobeh
Okawaru
Qazlal
Trog
Uskayaw
Vehumet
Wu Jian
Beogh

Shops:
D:8 [   D:11 ([   Orc:1 *

Annotations:
D:12 3 runed translucent doors, Gilette's ghost, journeyman TrHu


Innate Abilities, Weirdness & Mutations

You have very sharp teeth.
Your uncanny sense of smell can sniff out nearby items.
Your experience applies equally to all skills.
You are partially covered in large bone plates. (SH +4)
You possess an exceptional clarity of mind.
Your muscles are strong. (Str +2)


Message History

The ogre barely misses you.
You hit the two-headed ogre but do no damage.
The two-headed ogre is severely wounded.
You slash the ogre! You hit the two-headed ogre. You slash the ogre!
You block the two-headed ogre's attack.
The two-headed ogre hits you with a +0 giant spiked club.
You block the two-headed ogre's attack.
The two-headed ogre hits you with a +0 giant spiked club!
You block the ogre's attack.
The ogre hits you with a +0 giant spiked club!
* * * LOW HITPOINT WARNING * * *
You hit the two-headed ogre.
The two-headed ogre is almost dead.
You hit the ogre.
You kill the ogre!
Lugonu accepts your kill.
You hit the two-headed ogre. You hit the ogre.
The two-headed ogre barely misses you. You block the two-headed ogre's attack.
The two-headed ogre hits you with a +0 giant club.
* * * LOW HITPOINT WARNING * * *
The two-headed ogre hits you with a +0 giant spiked club!
* * * LOW HITPOINT WARNING * * *
You block the ogre's attack.
You hit the two-headed ogre. Your bite misses the two-headed ogre.
The two-headed ogre is almost dead.
You hit the ogre.
You kill the ogre!
Lugonu accepts your kill.
You barely miss the two-headed ogre.
You block the two-headed ogre's attack. x3
The two-headed ogre barely misses you.
You hit the two-headed ogre. Your bite misses the two-headed ogre.
The two-headed ogre is almost dead.
You hit the two-headed ogre but do no damage.
The two-headed ogre hits you with a +0 giant spiked club!
* * * LOW HITPOINT WARNING * * *
You block the two-headed ogre's attack.
The two-headed ogre hits you with a +0 giant club.
* * * LOW HITPOINT WARNING * * *
The two-headed ogre hits you with a +0 giant spiked club.
You die...

##.##.## ##....##.#....
#......# ###..#.......
##.#..#### ##### #...#.##...
#.....##.###.#.#####......##..
##........#.....##.##.....#...
##............##........#.#..
##......#.#..###...>..........
#...........)[O...##..........
##..........O@[..............#
##.........)))............##.
##......##.[................
##........#...........#.....
#.........................##
#........................##
##.#....................##
#........#..........∩..##
##.....^.................##


You could see 2 two-headed ogres.

Vanquished Creatures
  Nessos (D:13)
  Harold (D:7)
  3 boulder beetles
  A hydra (D:12)
  A centaur warrior (D:13)
  2 ogre magi
  13 two-headed ogres
  Urug (Orc:1)
  Pikel (D:8)
  A deep elf pyromancer (D:13)
  An ugly thing (D:11)
  2 cyclopes
  A manticore (D:11)
  An elephant (D:8)
  An unseen horror (D:10)
  A komodo dragon (D:12)
  6 trolls
  4 slime creatures (D:12)
  2 wyverns (D:8)
  3 shadows
  2 fire elementals (Orc:1)
  A steam dragon (D:8)
  A death yak simulacrum (Orc:1)
  An acid dragon (D:11)
  A warg (D:11)
  2 hell hounds (Orc:1)
  A water moccasin (D:9)
  11 orc warriors
  2 black bears
  A necrophage (D:5)
  10 ogres
  8 centaurs
  A phantom (D:6)
  2 kobold brigands
  A wyvern zombie (D:6)
  A scorpion (D:6)
  3 bullfrogs
  3 two-headed ogre simulacra (Orc:1)
  A cane toad simulacrum (Orc:1)
  A wyvern skeleton (D:7)
  A water moccasin skeleton (D:5)
  8 killer bees
  6 wights
  8 howler monkeys
  3 centaur zombies
  2 bullfrog zombies
  A bullfrog skeleton (D:6)
  4 orc priests
  A centaur skeleton (D:5)
  A hound (D:6)
  Terence (D:2)
  2 gnoll shamans
  3 iguanas
  18 orc wizards
  A scorpion zombie (D:5)
  2 troll simulacra (Orc:1)
  A hound skeleton (D:4)
  A mummy (D:6)
  2 howler monkey zombies (D:9)
  20 gnolls
  10 adders
  A naga simulacrum (Orc:1)
  A shadow imp (D:7)
  2 white imps
  2 ufetubi
  2 adder skeletons
  A worm (D:2)
  A dart slug (D:2)
  59 orcs
  6 bats
  9 endoplasms
  3 giant cockroaches
  19 goblins
  11 hobgoblins
  9 jackals
  20 kobolds
  4 quokkas
  9 ball pythons
  4 frilled lizards
  3 kobold zombies (D:6)
  An orc zombie (D:6)
  4 rats
368 creatures vanquished.

Vanquished Creatures (others)
  A two-headed ogre (D:12)
  An orc priest (Orc:1)
  An orc wizard (D:6)
  An orc (D:8)
4 creatures vanquished.

Grand Total: 372 creatures vanquished

Notes
Turn   | Place    | Note
-------+----------+-------------------------------------------
     0 | Abyss:1  | Gargoyl the Gnoll Abyssal Knight began the quest for the
                  | Orb.
     0 | Abyss:1  | Reached XP level 1. HP: 23/23 MP: 3/3
    87 | Abyss:1  | Gained mutation: Your muscles are strong. (Str +2) [potion
                  | of mutation]
    87 | Abyss:1  | Gained mutation: You are partially covered in large bone
                  | plates. (SH +4) [potion of mutation]
    87 | Abyss:1  | Gained mutation: You possess an exceptional clarity of
                  | mind. [potion of mutation]
   157 | Abyss:1  | Noticed a starcursed mass
   158 | D:1      | Escaped the Abyss
   219 | D:1      | Reached * piety under Lugonu
   238 | D:1      | Reached XP level 2. HP: 18/29 MP: 5/5
   645 | D:1      | Reached XP level 3. HP: 35/35 MP: 6/6
  1179 | D:2      | Found a faded altar of an unknown god.
  1197 | D:2      | Reached ** piety under Lugonu
  1256 | D:2      | Reached skill level 1 in Short Blades
  1256 | D:2      | Reached skill level 1 in Long Blades
  1256 | D:2      | Reached skill level 1 in Maces & Flails
  1256 | D:2      | Reached skill level 1 in Polearms
  1256 | D:2      | Reached skill level 1 in Staves
  1256 | D:2      | Reached skill level 1 in Slings
  1256 | D:2      | Reached skill level 1 in Bows
  1256 | D:2      | Reached skill level 1 in Crossbows
  1256 | D:2      | Reached skill level 1 in Throwing
  1256 | D:2      | Reached skill level 1 in Stealth
  1256 | D:2      | Reached skill level 1 in Shields
  1256 | D:2      | Reached skill level 1 in Unarmed Combat
  1256 | D:2      | Reached skill level 1 in Spellcasting
  1256 | D:2      | Reached skill level 1 in Evocations
  1421 | D:2      | Reached XP level 4. HP: 41/41 MP: 7/7
  1702 | D:2      | Noticed Terence
  1710 | D:2      | Killed Terence
  1711 | D:2      | Reached skill level 1 in Conjurations
  1711 | D:2      | Reached skill level 1 in Hexes
  1711 | D:2      | Reached skill level 1 in Summonings
  1711 | D:2      | Reached skill level 1 in Necromancy
  1711 | D:2      | Reached skill level 1 in Translocations
  1711 | D:2      | Reached skill level 1 in Transmutations
  1711 | D:2      | Reached skill level 1 in Fire Magic
  1711 | D:2      | Reached skill level 1 in Ice Magic
  1711 | D:2      | Reached skill level 1 in Air Magic
  1711 | D:2      | Reached skill level 1 in Earth Magic
  1711 | D:2      | Reached skill level 1 in Poison Magic
  1758 | D:2      | Reached XP level 5. HP: 47/47 MP: 8/8
  2052 | D:3      | Found a radiant altar of Vehumet.
  2419 | D:3      | You fall into a shaft and drop 2 floors!
  2419 | D:5      | Entered Level 5 of the Dungeon
  2534 | D:5      | Reached skill level 5 in Invocations
  2534 | D:5      | Reached XP level 6. HP: 52/53 MP: 9/9
  2541 | D:5      | Noticed a necrophage
  2567 | D:5      | Killed a necrophage
  2568 | D:5      | Reached skill level 5 in Axes
  2568 | D:5      | Reached skill level 5 in Armour
  2608 | D:5      | Reached *** piety under Lugonu
  2777 | D:4      | Found an ornate altar of the Wu Jian Council.
  2810 | D:3      | Reached XP level 7. HP: 36/59 MP: 10/10
  4018 | D:5      | Reached **** piety under Lugonu
  4634 | D:6      | Reached XP level 8. HP: 66/67 MP: 12/12
  4681 | D:6      | Identified the +2 ring mail "Necae" {Dex+2}
  5269 | D:6      | Found a staircase to the Ecumenical Temple.
  6543 | D:7      | Reached XP level 9. HP: 15/72 MP: 14/14
  6940 | D:7      | Noticed Harold
  6968 | D:7      | Killed Harold
  6969 | D:7      | Reached skill level 5 in Dodging
  8023 | D:7      | Reached ***** piety under Lugonu
  8129 | D:7      | Found a bloodstained altar of Trog.
  8456 | D:8      | Found Hoetafae's Armour Shoppe.
  8937 | D:8      | Reached XP level 10. HP: 79/80 MP: 17/17
  8958 | D:8      | Noticed Pikel
  8968 | D:8      | Paralysed by Pikel for 3 turns
  8991 | D:8      | Killed Pikel
  8992 | D:8      | Reached skill level 5 in Short Blades
  8992 | D:8      | Reached skill level 5 in Long Blades
  8992 | D:8      | Reached skill level 5 in Maces & Flails
  8992 | D:8      | Reached skill level 5 in Polearms
  8992 | D:8      | Reached skill level 5 in Staves
  8992 | D:8      | Reached skill level 5 in Slings
  8992 | D:8      | Reached skill level 5 in Bows
  8992 | D:8      | Reached skill level 5 in Crossbows
  8992 | D:8      | Reached skill level 5 in Throwing
  8992 | D:8      | Reached skill level 5 in Stealth
  8992 | D:8      | Reached skill level 5 in Shields
  8992 | D:8      | Reached skill level 5 in Unarmed Combat
  8992 | D:8      | Reached skill level 5 in Spellcasting
  8992 | D:8      | Reached skill level 5 in Evocations
  9875 | D:8      | Found a hide-covered altar of Uskayaw.
  9970 | D:9      | Noticed a two-headed ogre
 10002 | D:8      | Killed a two-headed ogre
 10214 | D:9      | Noticed an elephant
 10996 | D:8      | Killed an elephant
 11180 | D:9      | Identified a scroll of acquirement
 11180 | D:9      | Acquired 746 gold pieces
 11214 | D:8      | Bought a +3 chain mail of poison resistance for 376 gold
                  | pieces
 11277 | D:9      | Found a staircase to the Lair.
 11564 | D:9      | Found a stormy altar of Qazlal.
 11565 | D:9      | Found a hazy altar of Hepliaklqana.
 11565 | D:9      | Found a sparkling altar of Nemelex Xobeh.
 11566 | D:9      | Found an opulent altar of Gozag.
 11603 | D:9      | Noticed a manticore
 11620 | D:9      | Banished a manticore
 11620 | D:9      | HP: 4/82 [troll (9)]
 11621 | D:9      | Reached XP level 11. HP: 5/87 MP: 14/19
 12134 | D:10     | Entered Level 10 of the Dungeon
 12586 | D:10     | Reached skill level 5 in Conjurations
 12586 | D:10     | Reached skill level 5 in Hexes
 12586 | D:10     | Reached skill level 5 in Summonings
 12586 | D:10     | Reached skill level 5 in Necromancy
 12586 | D:10     | Reached skill level 5 in Translocations
 12586 | D:10     | Reached skill level 5 in Transmutations
 12586 | D:10     | Reached skill level 5 in Fire Magic
 12586 | D:10     | Reached skill level 5 in Ice Magic
 12586 | D:10     | Reached skill level 5 in Air Magic
 12586 | D:10     | Reached skill level 5 in Earth Magic
 12586 | D:10     | Reached skill level 5 in Poison Magic
 12777 | D:10     | Paralysed by a wight for 6 turns
 12788 | D:10     | Paralysed by a wight for 4 turns
 13117 | D:10     | Noticed a two-headed ogre
 13137 | D:10     | Killed a two-headed ogre
 13885 | D:10     | Found an iron altar of Okawaru.
 13967 | D:11     | Found Ysahevash's Weapon Shop.
 13968 | D:11     | Noticed a two-headed ogre
 13969 | D:11     | Found a staircase to the Orcish Mines.
 13992 | D:11     | Killed a two-headed ogre
 14138 | D:11     | Found Oreta's Armour Shop.
 14154 | D:11     | Bought a +2 tower shield of positive energy for 222 gold
                  | pieces
 14498 | D:11     | Noticed a two-headed ogre
 14500 | D:11     | Noticed a seven-headed hydra
 14531 | D:11     | HP: 4/89 [seven-headed hydra (8)]
 14535 | D:11     | Banished a seven-headed hydra
 15007 | D:11     | Noticed a cyan ugly thing
 15008 | D:11     | Noticed a boulder beetle
 15032 | D:11     | Killed a cyan ugly thing
 15048 | D:11     | Killed a boulder beetle
 15062 | D:11     | Noticed a manticore
 15288 | D:11     | Killed a manticore
 15649 | D:11     | Killed a two-headed ogre
 16128 | D:12     | Noticed a two-headed ogre
 16184 | D:11     | Killed a two-headed ogre
 16477 | D:12     | Reached XP level 12. HP: 60/96 MP: 22/22
 16676 | D:12     | Found a runed translucent gate.
 16677 | D:12     | Noticed a death knight
 16677 | D:12     | Noticed a storm dragon
 16678 | D:12     | Noticed Gilette's ghost (journeyman TrHu)
 16680 | D:12     | Found a runed translucent gate.
 16680 | D:12     | Found a runed translucent gate.
 16680 | D:12     | Noticed a yaktaur captain
 16681 | D:12     | Noticed a two-headed ogre
 16890 | D:12     | Killed a two-headed ogre
 17115 | D:12     | Found a portal to a secret trove of treasure.
 17166 | Trove    | Entered a treasure trove
 17449 | Trove    | Found the +7 great mace "Firestarter" {inner flame, rF++}
 17451 | Trove    | Identified the amulet "Otolar" {Rampage rElec rPois Will-
                  | Regen+}
 17455 | Trove    | Got Jaune's Guide on Fetching Evil Rituals
 17459 | Trove    | Identified the +4 pair of gloves of Boredom {Str+2}
 17484 | Trove    | Identified the amulet of Itenot {Acrobat rPois rC- rN++
                  | SInv}
 17735 | D:13     | Noticed a centaur warrior
 17752 | D:13     | Killed a centaur warrior
 17851 | D:13     | Found a sparkling altar of Nemelex Xobeh.
 17913 | D:13     | Noticed a two-headed ogre
 17924 | D:13     | Killed a two-headed ogre
 17962 | D:13     | Noticed a five-headed hydra
 17963 | D:13     | Noticed a two-headed ogre
 17991 | D:12     | Killed a five-headed hydra
 18027 | D:13     | Killed a two-headed ogre
 18090 | D:13     | Noticed Nessos
 18325 | D:13     | Killed Nessos
 18326 | D:13     | Reached skill level 10 in Fighting
 18499 | D:13     | Noticed a boulder beetle
 18513 | D:13     | Killed a boulder beetle
 18650 | D:13     | Noticed a boulder beetle
 18666 | D:13     | Killed a boulder beetle
 18761 | Orc:1    | Entered Level 1 of the Orcish Mines
 18841 | Orc:1    | Found a frozen archway.
 19319 | Orc:1    | Found Qogecevi's General Store.
 19327 | Orc:1    | Bought a potion of heal wounds for 70 gold pieces
 19464 | Orc:2    | Entered Level 2 of the Orcish Mines
 19586 | Orc:2    | Found a staircase to the Elven Halls.
 19586 | Orc:2    | Noticed Urug
 19655 | Orc:1    | Killed Urug
 19733 | Orc:2    | Noticed an ogre mage
 19734 | Orc:2    | Noticed a two-headed ogre
 19736 | Orc:2    | Noticed a two-headed ogre
 19798 | Orc:1    | Killed a two-headed ogre
 19799 | Orc:1    | Reached XP level 13. HP: 39/103 MP: 24/24
 20061 | Orc:2    | Reached skill level 10 in Invocations
 20120 | Orc:2    | Paralysed by something for 2 turns
 20126 | Orc:2    | Paralysed by something for 3 turns
 20272 | Orc:1    | HP: 3/104 [two-headed ogre (3)]
 20272 | Orc:1    | Slain by a two-headed ogre

Illustrated notes

Levels and vault maps discovered:
D:1:      scummos_arrival_checkerplants, layout_basic, nrook_loot_triangle,
          st_stairs_2, minmay_indecisive_spiral
D:2:      kb_forest_paths, layout_basic, hellmonk_ecumenical_altar_dog_temple,
          uniq_terence
D:3:      layout_rooms, nicolae_vehumet_altar_sigil, hangedman_decor_push
D:4:      layout_rooms, nicolae_wu_jian_wuxing_cycle, minmay_between
D:5:      layout_cave_pools, st_stairs_7, serial_bayou_pond_a,
          grunt_decor_one_mirror
D:6:      layout_gridville, minmay_temple_entry_glass, serial_co_window_serial,
          co_window_corner_a, co_window_paths_a, co_window_corner_a,
          co_window_paths_a, co_window_corner_a, co_window_cross_4,
          co_window_unsneaky_path_a, co_window_broadway_c, co_window_broadway_b,
          co_window_4corner_b, glass_columns_a, glass_columns_a,
          glass_columns_a, glass_columns_a, glass_columns_a, minmay_mini_ossuary
D:7:      layout_basic, trog_hazing_becter, enter_bailey_3, chequers_avenue,
          chequers_serial_rivers_micro_a, lightli_orcish_oven, uniq_harold
D:8:      layout_loops_ring, lemuel_doored_altar, serial_shops, shop, uniq_pikel
D:9:      layout_gridville, chequers_temple_overflow_statue_of_worship,
          david_lair_generic
D:10:     layout_stronghold, grunt_temple_overflow_champion_of_chaos,
          kennysheep_okawaru_gauntlet
D:11:     layout_roguey, orc_david_3, minmay_fractal_squares_diagonal_5
D:12:     layout_rooms, gammafunk_ghost_split, enter_trove_1
D:13:     layout_roguey, nemelex_lonely_heart_becter, uniq_nessos
Orc:1:    layout_caves, serial_shops, nicolae_shop_trees,
          portal_ice_cave_entry_ice_simulacra, basic_altar
Orc:2:    st_orc_ogre_mass, layout_diamond_mine, uniq_azrael, uniq_urug

Skill      XL: |  1  2  3  4  5  6  7  8  9 10 11 12 13 |
---------------+----------------------------------------+-----
Short Blades   | 1 2 3 4 5 6 7 8 |  8.2
Long Blades    | 1 2 3 4 5 6 7 8 |  8.2
Maces & Flails | 1 2 3 4 5 6 7 8 |  8.2
Polearms       | 1 2 3 4 5 6 7 8 |  8.2
Staves         | 1 2 3 4 5 6 7 8 |  8.2
Slings         | 1 2 3 4 5 6 7 8 |  8.2
Bows           | 1 2 3 4 5 6 7 8 |  8.2
Crossbows      | 1 2 3 4 5 6 7 8 |  8.2
Throwing       | 1 2 3 4 5 6 7 8 |  8.2
Stealth        | 1 2 3 4 5 6 7 8 |  8.2
Shields        | 1 2 3 4 5 6 7 8 |  8.2
Unarmed Combat | 1 2 3 4 5 6 7 8 |  8.2
Spellcasting   | 1 2 3 4 5 6 7 8 |  8.2
Evocations     | 1 2 3 4 5 6 7 8 |  8.2
Conjurations   | 1 2 3 4 5 6 |  6.8
Hexes          | 1 2 3 4 5 6 |  6.8
Summonings     | 1 2 3 4 5 6 |  6.8
Necromancy     | 1 2 3 4 5 6 |  6.8
Translocations | 1 2 3 4 5 6 |  6.8
Transmutations | 1 2 3 4 5 6 |  6.8
Fire Magic     | 1 2 3 4 5 6 |  6.8
Ice Magic      | 1 2 3 4 5 6 |  6.8
Air Magic      | 1 2 3 4 5 6 |  6.8
Earth Magic    | 1 2 3 4 5 6 |  6.8
Poison Magic   | 1 2 3 4 5 6 |  6.8
Dodging        | 3 4 5 6 7 8 |  8.7
Invocations    | 5 6 7 8 9 10 | 10.1
Axes           | 5 6 7 8 9 |  9.5
Armour         | 5 6 7 8 9 |  9.5
Fighting       | 7 8 9 10 | 10.5

Action                   |  1- 3 |  4- 6 |  7- 9 | 10-12 | 13-15 || total
-------------------------+-------+-------+-------+-------+-------++-------
Melee: Hand axe          |    29 |       |       |   282 |   143 ||   454
       Bite              |    10 |    19 |    89 |   149 |    24 ||   291
       Dagger            |    59 |   176 |   608 |   698 |    25 ||  1566
       Punch             |       |     3 |    13 |     3 |       ||    19
Throw: Dart              |       |       |     9 |    32 |       ||    41
Invok: Depart the Abyss  |     1 |       |       |       |       ||     1
       Banish            |       |       |       |     8 |       ||     8
  Use: Potion            |     1 |       |       |     7 |     3 ||    11
       Scroll            |       |     8 |     8 |    10 |       ||    26
 Stab: Sleeping          |       |       |     2 |     1 |       ||     3
Armor: Leather armour    |    11 |       |       |       |       ||    11
       Ring mail         |    24 |    92 |   295 |   114 |       ||   525
       Chain mail        |       |       |       |   556 |    99 ||   655
Dodge: Dodged            |    59 |   100 |   337 |   364 |    59 ||   919
       Repelled          |       |       |       |     2 |     2 ||     4
Block: Other             |    13 |    30 |   113 |    48 |       ||   204
       Buckler           |       |       |       |   116 |       ||   116
       Tower shield      |       |       |       |   712 |   278 ||   990

Table legend: (Time is in decaauts)
 A = Elapsed time spent in this place.
 B = Non-inter-level travel time spent in this place.
 C = Inter-level travel time spent in this place.
 D = Time resting spent in this place.
 E = Time spent auto-exploring this place.
 F = Levels seen in this place.
 G = Mean time per level.
                   A        B        C        D        E       F      G
               +--------+--------+--------+--------+--------+-----+--------+
         Total |  20160 |  19661 |    499 |   3639 |  11723 |  17 | 1185.9 |
       Dungeon |  18184 |  17699 |    485 |   3119 |  11043 |  13 | 1398.8 |
  Orcish Mines |   1469 |   1456 |     13 |    235 |    528 |   2 |  734.5 |
         Abyss |    158 |    158 |      0 |      0 |    152 |   1 |  158.0 |
         Trove |    347 |    347 |      0 |    284 |      0 |   1 |  347.0 |
               +--------+--------+--------+--------+--------+-----+--------+

Top non-repeatable levels by time:
    D:11: 2587 daAuts
     D:8: 2565 daAuts
     D:7: 2081 daAuts
    D:10: 1974 daAuts
     D:6: 1653 daAuts
     D:5: 1142 daAuts
     D:9: 1128 daAuts
     D:2: 1080 daAuts
   Orc:1: 1070 daAuts
     D:1: 1020 daAuts
    D:12: 957 daAuts
    D:13: 860 daAuts
     D:3: 601 daAuts
     D:4: 531 daAuts
   Orc:2: 399 daAuts
